AoeStats
← KangourouGarou

Migration

510197433Analyzed
1v1 RM · 15h ago on Sep 29, 2026· 41m 50s· 2 players
Game mode
Random Map
Map size
132×132
Population
200
Speed
Normal
Resources
Standard
Victory
Conquest
Starting age
Dark Age
Ending age
Imperial Age
RankedLock teamsTeams togetherTeam positionsShared explorationLock speedFull tech treeHidden civsTurbo modeCheats
Victory
Defeat
🇫🇷 Varangians · France
772
+24
🇦🇷 Huns · Argentina
744
-36
nacho
0:40 Loom
10:07 Feudal Age
11:27 Wheelbarrow
10:40 Double-Bit Axe
15:11 Fishing Lines
21:00 Castle Age
22:28 Hand Cart
22:14 Gold Mining
22:15 Stone Mining
26:00 Gillnets
32:26 Horse Collar
34:39 Gold Shaft Mining
35:35 Scale Barding Armor
35:41 Forging
37:51 Husbandry
38:03 Bloodlines
38:25 Clinker Construction
38:29 Careening
38:17 Murder Holes
38:46 Ballistics
38:46 Marauders
42:10 Imperial Age
42:16 Imperial Age
41:16 Bow Saw
KangourouGarou
9:55 Feudal Age
8:31 Loom
10:31 Double-Bit Axe
12:09 Fishing Lines
18:49 Wheelbarrow
18:51 Stone Mining
19:07 Gold Mining
22:20 Castle Age
22:50 Fletching
24:39 Bow Saw
25:06 Stone Shaft Mining
24:40 Bodkin Arrow
25:12 Gillnets
30:56 Imperial Age
29:40 Ballistics
29:36 Careening
29:38 Clinker Construction
31:10 Elite Longship
32:45 Dry Dock
33:56 Bracer
35:20 Chemistry
36:12 Two-Man Saw
36:10 Carvel Hull
38:23 Forging
38:15 Scale Mail Armor
41:53 Hand Cart
Connection lost

Rejoining the realm…

Still unreachable

The connection could not be restored.

Session expired

The server has moved on; the page needs a fresh start.